 Dungeon Crawl Stone Soup version 0.25-a0-302-g9f758675c1 (webtiles) character file.

Game seed: 9452960472413533053, levelgen mode: deterministic

1044 vishdafish the Chopper (level 8, 0/83 HPs)
             Began as an Ogre Fighter on Dec 20, 2019.
             Was a Follower of Cheibriados.
             Slain by a centaur skeleton (5 damage)
             ... on level 5 of the Dungeon.
             The game lasted 00:04:44 (4263 turns).

vishdafish the Chopper (Ogre Fighter)               Turns: 4263, Time: 00:04:45

Health: 0/83       AC:  3    Str: 23    XL:     8   Next: 25%
Magic:  8/8        EV: 10    Int: 13    God:    Cheibriados [*.....]
Gold:   131        SH:  9    Dex: 10    Spells: 7/7 levels left

rFire    . . .     SeeInvis .   d - +1 hand axe (venom)
rCold    . . .     Gourm    .   c - +0 shield
rNeg     . . .     Faith    .   b - +0 robe
rPois    .         Spirit   .   (helmet restricted)
rElec    .         Reflect  .   (no cloak)
rCorr    .         Harm     .   (gloves unavailable)
MR       .....                  (boots unavailable)
Stlth    +.........             (no amulet)
HPRegen  0.23/turn              (no ring)
MPRegen  0.11/turn              (no ring)

@: lethally poisoned (0 -> 0), very slow
A: large, unfitting armour, tough skin 1
a: Bend Time, Renounce Religion


You were on level 5 of the Dungeon.
You worshipped Cheibriados.
Cheibriados was aware of your devotion.
You were not hungry.

You visited 1 branch of the dungeon, and saw 5 of its levels.

You collected 209 gold pieces.
You spent 78 gold pieces at shops.

Inventory:

Hand Weapons
 a - a +0 war axe
 d - a +1 hand axe of venom (weapon)
 p - a +0 whip of electrocution
Armour
 b - a +0 robe (worn)
 c - a +0 shield (worn)
Jewellery
 v - an uncursed ring of ice
Wands
 r - a wand of iceblast (11)
 s - a wand of enslavement (5)
Scrolls
 g - a scroll of amnesia {unknown}
 i - 3 scrolls of noise
 j - 2 scrolls of remove curse
 n - 2 scrolls of fog {unknown}
 o - a scroll of fear {unknown}
 q - a scroll of teleportation {unknown}
 w - a scroll of enchant weapon {unknown}
 y - a scroll of magic mapping {unknown}
Potions
 e - 3 potions of haste
 h - a potion of cancellation
 m - 4 potions of berserk rage
 t - a potion of degeneration
 u - a potion of mutation {unknown}
 x - a potion of curing
Comestibles
 f - 6 rations


   Skills:
 - Level 6.0 Fighting
 * Level 6.3 Axes
 + Level 4.6 Dodging
 - Level 0.2 Stealth
 + Level 5.0 Shields


You had 7 spell levels left.
You didn't know any spells.
Your spell library was empty.

Dungeon Overview and Level Annotations

Branches:
Dungeon (5/15)
 Temple: D:4-7

Altars:
Ashenzari
Cheibriados
Dithmenos
Fedhas
Makhleb
Okawaru
Sif Muna
Trog
Wu Jian
Xom

Shops:
D:4 *


Innate Abilities, Weirdness & Mutations

You are too large for most types of armour.
You have tough skin. (AC +1)


Message History

You hit the centaur skeleton but do no damage.
The centaur skeleton hits you.
* * * LOW HITPOINT WARNING * * *
The adder bites you.
* * * LOW HITPOINT WARNING * * *
The centaur skeleton hits you.
* * * LOW HITPOINT WARNING * * *
Okay, then.
You closely miss the adder.
The adder is severely wounded.
You hit the centaur skeleton.
You feel sick. You block the adder's attack.
The phantom blinks!
The centaur skeleton hits you.
* * * LOW HITPOINT WARNING * * *
Unknown command.
You hit the adder.
You kill the adder!
Cheibriados appreciates the change of pace.
Your Shields skill increases to level 5!
You hit the centaur skeleton. The centaur skeleton hits you.
You die...

#.......#
#.......####
.............##
.###.##.#.....#
. #..
#...####.#
#.###.### # ..
#..# ##.###Z.#
#....†)@#
#...§###)....#
.... #..####
... .... ..
#.### . .?# #.#
#.#


You could see a centaur skeleton.

Vanquished Creatures
  Sigmund (D:2)
  Edmund (D:4)
  A sky beast (D:3)
  A black bear (D:4)
  3 hounds
  5 orc priests
  3 orc wizards
  A centaur skeleton (D:5)
  Jessica (D:2)
  A worker ant zombie (D:3)
  11 adders
  3 oozes
  3 worms
  2 dart slugs (D:1)
  3 leopard geckos
  19 orcs
  A ball python (D:1)
  6 bats
  4 giant cockroaches
  4 goblins
  2 hobgoblins (D:2)
  2 jackals (D:2)
  2 quokkas (D:5)
  3 frilled lizards
  5 kobolds
  2 rats
90 creatures vanquished.

Notes
Turn   | Place    | Note
-------+----------+-------------------------------------------
     0 | D:1      | vishdafish the Ogre Fighter began the quest for the Orb.
     0 | D:1      | Reached XP level 1. HP: 24/24 MP: 1/1
   123 | D:1      | Reached XP level 2. HP: 28/32 MP: 2/2
   857 | D:2      | Reached XP level 3. HP: 35/40 MP: 3/3
   953 | D:2      | Found an ornate altar of the Wu Jian Council.
   989 | D:2      | Reached XP level 4. HP: 32/49 MP: 4/4
  1020 | D:2      | Noticed Sigmund
  1031 | D:2      | Killed Sigmund
  1031 | D:2      | Reached skill level 5 in Fighting
  1031 | D:2      | Reached XP level 5. HP: 19/57 MP: 5/5
  1202 | D:2      | Noticed Jessica
  1210 | D:2      | Killed Jessica
  1210 | D:2      | Reached XP level 6. HP: 58/66 MP: 6/6
  1445 | D:2      | Found a blossoming altar of Fedhas.
  1816 | D:3      | Found a transporter.
  2021 | D:3      | Found a shadowy altar of Dithmenos.
  2547 | D:3      | Found a burning altar of Makhleb.
  2620 | D:3      | Reached XP level 7. HP: 54/74 MP: 7/7
  2951 | D:3      | Found a snail-covered altar of Cheibriados.
  2951 | D:3      | Found a transporter.
  2952 | D:3      | Found a bloodstained altar of Trog.
  3023 | D:3      | Reached skill level 5 in Axes
  3053 | D:3      | Became a worshipper of Cheibriados the Contemplative
  3522 | D:4      | Found an iron altar of Okawaru.
  3544 | D:4      | Found a shimmering altar of Xom.
  3630 | D:4      | Noticed Edmund
  3638 | D:4      | Killed Edmund
  3660 | D:4      | Reached XP level 8. HP: 11/83 MP: 8/8
  4078 | D:4      | Found a shimmering blue altar of Sif Muna.
  4084 | D:4      | Found a shattered altar of Ashenzari.
  4180 | D:4      | Found Fefoet's Assorted Antiques.
  4184 | D:4      | Bought a scroll labeled CIKKAPIPRI for 27 gold pieces
  4184 | D:4      | Bought a brown potion for 24 gold pieces
  4184 | D:4      | Bought a scroll labeled JEMIHIA WAEHE for 27 gold pieces
  4217 | D:5      | Entered Level 5 of the Dungeon
  4231 | D:5      | Reached * piety under Cheibriados
  4263 | D:5      | Reached skill level 5 in Shields
  4263 | D:5      | Slain by a centaur skeleton

Levels and vault maps discovered:
D:1:      roderic_crossed_star, layout_loops_corners
D:2:      layout_loops_ring, nicolae_overflow_crystal_walls,
          nicolae_overflow_hidden_temple, serial_forest,
          infiniplex_forest_clump_cross, infiniplex_forest_straight_4,
          infiniplex_forest_fountain, infiniplex_forest_clump_long,
          infiniplex_forest_end_1, infiniplex_forest_clump_small,
          infiniplex_forest_clump_double, infiniplex_forest_pool,
          infiniplex_forest_clump_small, uniq_sigmund, uniq_jessica
D:3:      layout_rooms, nicolae_dithmenos_shadow_blocks,
          gammafunk_temple_overflow_arena, makhleb_heckhound_becter
D:4:      layout_basic, xom_teletrap_fun, amethyst_overflow_temple_binary,
          first_ration, serial_shops, shop, okawaru_gym_becter, uniq_edmund
D:5:      layout_rooms, marbit_many_paths

Skill      XL: |  1  2  3  4  5  6  7  8 |
---------------+-------------------------+-----
Shields        | 3 4 5 |  5.0
Dodging        | 3 4 |  4.6
Fighting       | 5 6 |  6.0
Axes           | 3 4 6 |  6.3
Stealth        | |  0.2

Action                   |  1- 3 |  4- 6 |  7- 9 || total
-------------------------+-------+-------+-------++-------
Melee: War axe           |    50 |    71 |       ||   121
       Hand axe          |       |    40 |   113 ||   153
Evoke: Wand              |       |       |     1 ||     1
  Use: Potion            |       |     1 |       ||     1
       Scroll            |       |       |     5 ||     5
  Eat: Chunk             |       |     5 |     4 ||     9
       Ration            |       |       |     1 ||     1
Armor: Robe              |     9 |    20 |    16 ||    45
Dodge: Dodged            |    24 |    34 |    57 ||   115
Block: Shield            |    24 |    55 |    65 ||   144

Table legend:
 A = Non-vault XP
 B = Vault XP
 C = Vault XP percentage of total XP
 D = Non-vault monster count
 E = Vault monster count
 F = Vault count percentage of total count
                 A         B        C        D         E       F
            +---------+---------+-------+---------+---------+-------
      Total |     865 |     627 |  42.0 |      82 |       8 |   8.9
            +---------+---------+-------+---------+---------+-------
        D:1 |      27 |       0 |   0.0 |       9 |       0 |   0.0
        D:2 |     118 |     257 |  68.5 |      20 |       2 |   9.1
        D:3 |     243 |     204 |  45.6 |      30 |       5 |  14.3
        D:4 |     311 |     166 |  34.8 |      12 |       1 |   7.7
        D:5 |     166 |       0 |   0.0 |      11 |       0 |   0.0
            +---------+---------+-------+---------+---------+-------
